 Dungeon Crawl Stone Soup version 0.31-a0-344-gd109795599 (webtiles) character file.

Game seed: 4559427147902524322

195438 Mithras the Warrior (level 18, -1/134 HPs)
             Began as an Octopode Venom Mage on July 22, 2023.
             Was the Champion of Vehumet.
             Killed from afar by a shock serpent (24 damage)
             ... with a bolt of electricity
             ... on level 4 of the Snake Pit.
             The game lasted 02:07:02 (43935 turns).

Mithras the Warrior (Octopode Venom Mage)          Turns: 43935, Time: 02:07:03

Health: -1/134     AC:  5    Str: 16    XL:     18   Next: 34%
Magic:  35/45      EV: 29    Int: 25    God:    Vehumet [******]
Gold:   1742       SH:  8    Dex: 19    Spells: 12/45 levels left

rFire   + . .        L - +4 scimitar (flame)
rCold   + . .        E - +2 buckler
rNeg    + . .        (helmet restricted)
rPois   +            G - amulet of Jelemp {RegenMP rF+ Str+3 SInv}
rElec   .            f - +5 ring of evasion
rCorr   +            q - ring "Xoricy" {Will+ rCorr Int+2}
SInv    +            r - +5 ring of evasion
Will    ++...        w - +4 ring of protection
Stlth   ++++         N - ring of protection from cold
HPRegen 0.42/turn    h - +6 ring of dexterity
MPRegen 0.69/turn    y - ring of poison resistance
                     D - ring "Zon Lyip" {rN+ MP+9 Str+4}

%: no passive effects
@: no status effects
A: almost no armour, amphibious, 8 rings, camouflage 1, gelatinous body 1,
(nimble swimmer 1), tentacles
}: 1/15 runes: decaying
a: Renounce Religion


You were on level 4 of the Snake Pit.
You worshipped Vehumet.
Vehumet was exalted by your worship.
You visited 6 branches of the dungeon, and saw 31 of its levels.
You also visited: Gauntlet.

You collected 3080 gold pieces.
You spent 1338 gold pieces at shops.

Inventory:

Hand Weapons
 a - a +2 dagger of venom
 L - a +4 scimitar of flaming (weapon)
Missiles
 l - 2 throwing nets
 I - 5 curare-tipped darts (quivered)
Armour
 z - a +1 kite shield of cold resistance
 E - a +2 buckler (worn)
Magical Staves
 x - a staff of conjuration
Jewellery
 d - the ring "Ocsioc" {SInv Stlth+}
   (You found it on level 14 of the Dungeon)

   [ring of see invisible]

   SInv:      It lets you see invisible.
   Stlth:     It makes you more stealthy.
 f - a +5 ring of evasion (left tentacle)
 h - a +6 ring of dexterity (on tentacle)
 o - an amulet of regeneration
 q - the ring "Xoricy" (right tentacle) {Will+ rCorr Int+2}
   (You bought it in a shop on level 13 of the Dungeon)

   [ring of resist corrosion]

   Int:       It affects your intelligence (+2).
   rCorr:     It protects you from acid and corrosion.
   Will:      It increases your willpower.
 r - a +5 ring of evasion (on tentacle)
 u - a ring of positive energy
 w - a +4 ring of protection (on tentacle)
 y - a ring of poison resistance (on tentacle)
 D - the ring "Zon Lyip" (on tentacle) {rN+ MP+9 Str+4}
   (You acquired it on level 2 of the Orcish Mines)

   [ring of magical power]

   Str:       It affects your strength (+4).
   rN:        It protects you from negative energy.
   MP:        It affects your magic capacity (+9).
 G - the amulet of Jelemp (around mantle) {RegenMP rF+ Str+3 SInv}
   (You found it in a Gauntlet)

   [amulet of magic regeneration]

   It increases your rate of magic regeneration.
   Str:       It affects your strength (+3).
   rF:        It protects you from fire.
   SInv:      It lets you see invisible.
 M - the amulet "Qaanuf" {RegenMP rElec rPois Will- Slay+5}
   (You found it in a Gauntlet)

   [amulet of magic regeneration]

   It increases your rate of magic regeneration.
   Slay:      It affects your accuracy & damage with ranged weapons and melee
   (+5).
   rElec:     It insulates you from electricity.
   rPois:     It protects you from poison.
   Will:      It decreases your willpower.
 N - a ring of protection from cold (on tentacle)
 S - a ring of fire
Wands
 A - a wand of paralysis (22)
 K - a wand of roots (27)
 U - a wand of light (23)
Scrolls
 e - 6 scrolls of brand weapon
 j - 3 scrolls of immolation
 k - 6 scrolls of noise
 s - 9 scrolls of teleportation
 v - a scroll of vulnerability
 B - 4 scrolls of silence
 C - 4 scrolls of amnesia
 F - a scroll of revelation
 H - a scroll of poison
 R - a scroll of blinking
 T - a scroll of enchant weapon
 V - a scroll of torment
 W - 5 scrolls of enchant armour
 X - 3 scrolls of fear
 Y - 6 scrolls of fog
Potions
 b - a potion of enlightenment
 c - 2 potions of magic
 g - 4 potions of brilliance
 i - 11 potions of curing
 m - 7 potions of mutation
 n - 4 potions of might
 p - 5 potions of lignification
 t - 2 potions of haste
 J - 4 potions of attraction
 O - 8 potions of ambrosia
 P - 2 potions of resistance
 Q - 2 potions of invisibility
 Z - a potion of heal wounds


   Skills:
 - Level 15.0 Fighting
 - Level 10.0 Dodging
 - Level 4.0 Stealth
 - Level 6.0 Shields
 - Level 14.0 Spellcasting
 - Level 10.0 Conjurations
 - Level 5.0 Transmutations
 - Level 10.0 Fire Magic
 + Level 11.9 Ice Magic
 - Level 8.0 Air Magic
 - Level 10.0 Earth Magic
 - Level 7.0 Poison Magic


You had 12 spell levels left.
You knew the following spells:

 Your Spells              Type           Power      Damage    Failure   Level
a - Stone Arrow           Conj/Erth      100%       3d13      1%          3
b - Poisonous Vapours     Pois/Air       100%       N/A       1%          2
c - Olgreb's Toxic Radia  Pois           51%        N/A       1%          4
d - Ignite Poison         Fire/Tmut/Pois 52%        N/A       1%          3
e - Mephitic Cloud        Conj/Pois/Air  56%        N/A       1%          3
f - Lee's Rapid Deconstr  Erth           30%        3d16*     1%          5
g - Sting                 Tmut/Pois      100%       1d8       1%          1
h - Freezing Cloud        Conj/Ice/Air   30%        6-21      1%          5
i - Ozocubu's Refrigerat  Ice            33%        4d14      7%          7

Your spell library contained the following spells:

 Spells                   Type           Power      Damage    Failure   Level
 Lehudib's Crystal Spear  Conj/Erth      30%        10d8      71%         8
 Maxwell's Capacitive Co  Air            27%        ∞         91%         8
 Chain Lightning          Conj/Air       29%        3d38      100%        9
 Freeze                   Ice            100%       1d10      1%          1
 Magic Dart               Conj           100%       1d8       1%          1
 Sandblast                Erth           100%       2d20      1%          1
 Ensorcelled Hibernation  Hex/Ice        94%        N/A       1%          2
 Momentum Strike          Conj/Tloc      84%        3d10      1%          2
 Passwall                 Tmut/Erth      44%        N/A       1%          2
 Wereblood                Tmut           42%        N/A       1%          2
 Frozen Ramparts          Ice            100%       1d16      1%          3
 Hailstorm                Conj/Ice       64%        3d14      1%          3
 Inner Flame              Hex/Fire       42%        N/A       1%          3
 Swiftness                Air            55%        N/A       1%          3
 Petrify                  Tmut/Erth      53%        N/A       1%          4
 Irradiate                Conj/Tmut      26%        3d20      1%          5
 Iskenderun's Battlesphe  Conj           61%        2d11      1%          5
 Summon Ice Beast         Ice/Summ       47%        N/A       3%          4
 Leda's Unmaking          Conj/Erth      30%        9d5       3%          6
 Apportation              Tloc           34%        N/A       4%          1
 Necrotise                Necr           68%        1d7       4%          1
 Summon Small Mammal      Summ           68%        N/A       4%          1
 Blink                    Tloc           34%        N/A       6%          2
 Call Imp                 Summ           34%        N/A       6%          2
 Lesser Beckoning         Tloc           34%        N/A       6%          2
 Metabolic Englaciation   Hex/Ice        23%        N/A       10%         5
 Yara's Violent Unravell  Hex/Tmut       15%        3d8       11%         5
 Summon Guardian Golem    Hex/Summ       17%        N/A       12%         3
 Orb of Destruction       Conj           30%        9d10      16%         7
 Anguish                  Hex/Necr       8%         N/A       38%         4
 Simulacrum               Ice/Necr       23%        N/A       50%         6
 Spellforged Servitor     Conj/Summ      21%        N/A       71%         7
 Enfeeble                 Hex            8%         N/A       100%        7


Dungeon Overview and Level Annotations

Branches:
Dungeon (15/15)            Temple (1/1) D:4            Lair (5/5) D:10
  Swamp (4/4) Lair:2        Snake (4/4) Lair:3        Slime (0/5) Lair:5
    Orc (2/2) D:11            Elf (0/3) Orc:2        Vaults (0/5) D:13
 Depths (0/4) D:15        Gauntlet (visited)

Altars:
Ashenzari
Cheibriados
Dithmenos
Elyvilon
Fedhas
Gozag
Hepliaklqana
Kikubaaqudgha
Makhleb
Nemelex Xobeh
Okawaru
Qazlal
Ru
Sif Muna
Trog
Uskayaw
Vehumet
Wu Jian
Xom
Yredelemnul
Zin
The Shining One
Lugonu

Shops:
D:3 *   D:11 *   D:13 =   Orc:2 ??*?   Snake:1 [

Portals:
Abyss: Lair:5

Annotations:
D:9 4 transporters
D:14 2 transporters, Cujoq's ghost, journeyman MiFi
Lair:1 3 runed translucent doors, Vruhak's ghost, journeyman FoGl
Snake:3 3 runed translucent doors, Wevudiam's ghost, adept KoEn


Innate Abilities, Weirdness & Mutations

You cannot wear most types of armour.
You are amphibious.
You can wear up to eight rings at the same time.
Your skin changes colour to match your surroundings (Stealth+).
Your rubbery body absorbs attacks. (AC +1, EV +1)
((You are camouflaged when in or above water. (Stealth+)))
You have tentacles for arms and can constrict up to eight enemies at once.


Message History

The shock serpent is moderately wounded.
The shock serpent's electric aura discharges, shocking you!
The shock serpent completely misses you.
Casting: Stone Arrow (safe; 1% risk of failure)
Confirm with . or Enter, or press ? or * to list all spells.
Aiming: Stone Arrow (safe; 1% risk of failure)
Press: ? - help, Shift-Dir - straight line, f/p - shock serpent
Aim: a shock serpent (moderately wounded, 63% to hit)
The stone arrow misses the shock serpent.
The shock serpent misses you. You block the shock serpent's attack.
Unknown command.
You hit the shock serpent but do no damage.
Your grab misses the shock serpent. Your squeeze misses the shock serpent.
The shock serpent is moderately wounded.
The shock serpent bites you! The shock serpent shocks you!
The shock serpent completely misses you.
You barely miss the shock serpent. You grab the shock serpent.
The shock serpent is moderately wounded.
You constrict the shock serpent. The shock serpent misses you.
The shock serpent shoots out a bolt of lightning at you!
The bolt of electricity misses you. x2
Unknown command.
You hit the shock serpent. You burn the shock serpent.
You tentacle-slap the shock serpent, but do no damage.
You squeeze the shock serpent!
The shock serpent is severely wounded.
You constrict the shock serpent.
The shock serpent completely misses you. x2
You barely miss the shock serpent. You squeeze the shock serpent!
The shock serpent is almost dead.
You constrict the shock serpent!
The shock serpent's electric aura discharges, shocking you!
The shock serpent barely misses you.
The shock serpent shoots out a bolt of lightning at you!
The bolt of electricity hits you!!
* * * LOW HITPOINT WARNING * * *
The bolt of electricity misses you.
The shock serpent shoots out a bolt of lightning at you!
The bolt of electricity misses you. The bolt of electricity hits you!!
You die...

#..###†####
#..###.## #
#.......######..
#...............
#...............
#..####''''###..
#..##........#
#..##........+
#..##.@......#
#...+.S.....##
#......##
#.......#
+.......#
+......##
+.....## #....##


You could see a shock serpent.

Vanquished Creatures
  Donald (Snake:1)
  Agnes (Snake:2)
  Kirke (D:13)
  Aizul (Snake:1)
  A nagaraja (Snake:2)
  An orc warlord (Orc:1)
  Nessos (D:13)
  3 eleionomae
  A minotaur (Gauntlet)
  4 bunyips
  Snorg (D:11)
  Josephine (D:12)
  An ettin (Orc:1)
  5 fire dragons
  Fannar (D:12)
  23 hydras
  Harold (D:10)
  A salamander tyrant (Snake:2)
  An ogre mage (D:15)
  3 boulder beetles
  A catoblepas (Lair:5)
  Erica (D:9)
  6 anacondas
  2 death knights (D:14)
  11 two-headed ogres
  2 dancing weapons (D:13)
  4 centaur warriors
  4 death yaks (Lair:5)
  10 alligators
  2 naga warriors (Snake:1)
  An orc high priest (Orc:2)
  4 thrashing horrors (Lair:5)
  A tengu warrior (D:14)
  Urug (D:10)
  9 naga sharpshooters
  Sonja (Lair:2)
  2 shock serpents
  3 salamander mystics (Snake:2)
  2 skysharks
  Lodul (D:11)
  A fire crab (Swamp:4)
  8 swamp dragons
  3 goliath frogs
  4 spriggan druids
  A bog body (Swamp:3)
  6 naga ritualists
  A wizard (D:14)
  A deep elf pyromancer (D:13)
  2 lindwurms (Swamp:4)
  19 ugly things
  An orc knight (D:15)
  6 mana vipers
  2 phantasmal warriors (D:14)
  2 will-o-the-wisps (Swamp:2)
  11 salamanders
  7 orc sorcerers
  5 cyclopes
  An oklob plant (D:15)
  3 manticores
  6 naga magi
  Maurice (D:10)
  2 smoke demons (Lair:5)
  31 black mambas
  2 guardian serpents (Snake:2)
  9 cane toads
  2 torpor snails
  2 gargoyles
  6 rime drakes
  2 kobold demonologists
  A komodo dragon (shapeshifter) (D:15)
  11 komodo dragons
  A minotaur zombie (Gauntlet)
  3 tengu conjurers (D:14)
  A freezing wraith (D:15)
  3 meliai (Gauntlet)
  2 bloated husks
  3 polar bears
  A queen bee (Lair:1)
  6 trolls
  28 blink frogs
  9 tyrant leeches
  2 raiju
  6 hornets
  4 slime creatures (D:14)
  11 spriggans
  2 vampires
  3 ynoxinuls (Lair:5)
  2 shadows
  12 wraiths
  3 wyverns
  Grum (D:11)
  A fire bat (shapeshifter) (Lair:5)
  68 yaks
  3 hogs (D:13)
  A golden eye (shapeshifter) (D:15)
  11 vampire mosquitoes
  6 basilisks
  A chaos spawn (Lair:5)
  5 steam dragons
  Menkaure (D:7)
  20 swamp worms
  26 nagas
  15 wargs
  4 acid dragons
  17 water moccasins
  10 orc warriors
  8 swamp drakes
  5 ice beasts
  7 black bears
  A sky beast (D:6)
  28 wolves
  12 ogres
  3 centaurs
  12 small abominations (Lair:5)
  A phantom (D:4)
  2 kobold brigands
  18 bullfrogs
  A gnoll sergeant (D:7)
  2 scorpions
  4 wights (D:10)
  36 killer bees
  5 electric eels
  2 howler monkeys
  2 lava snakes (Swamp:4)
  4 hounds
  2 jellies (Lair:5)
  7 orc priests
  2 gnoll boudas
  4 iguanas
  41 orc wizards
  Terence (D:2)
  2 sleepcaps
  20 gnolls
  8 adders
  2 shadow imps
  3 white imps
  An ufetubus (D:6)
  3 worms (D:2)
  A dart slug (D:1)
  67 orcs
  9 endoplasms
  4 giant cockroaches
  4 goblins
  5 hobgoblins
  2 quokkas
  6 ball pythons
  11 bats
  2 frilled lizards
  19 kobolds
  5 rats
956 creatures vanquished.

Vanquished Creatures (others)
  A bloated husk (Swamp:2)
  A swamp worm (Swamp:4)
  4 swamp drakes (Swamp:4)
  A white imp (D:6)
  6 foxfires (Swamp:2)
13 creatures vanquished.

Grand Total: 969 creatures vanquished

Notes
Turn   | Place    | Note
-------+----------+-------------------------------------------
     0 | D:1      | Mithras the Octopode Venom Mage began the quest for the
                  | Orb.
     0 | D:1      | Reached XP level 1. HP: 11/11 MP: 3/3
   202 | D:1      | Reached XP level 2. HP: 17/17 MP: 0/5
   562 | D:1      | Reached XP level 3. HP: 21/21 MP: 0/6
  1387 | D:2      | Reached skill level 5 in Poison Magic
  1538 | D:2      | Reached XP level 4. HP: 27/27 MP: 2/7
  1643 | D:2      | Learned a level 2 spell: Poisonous Vapours
  1735 | D:2      | Found a faded altar of an unknown god.
  2088 | D:2      | Noticed Terence
  2098 | D:2      | Killed Terence
  2510 | D:3      | Learned a level 3 spell: Mephitic Cloud
  2564 | D:3      | Found Xoastynaugg's Assorted Antiques.
  2710 | D:3      | Reached XP level 5. HP: 28/31 MP: 5/8
  2716 | D:2      | Reached skill level 1 in Air Magic
  2772 | D:3      | Reached skill level 1 in Conjurations
  3745 | D:4      | Noticed a phantom
  3886 | D:4      | Killed a phantom
  3887 | D:4      | Reached XP level 6. HP: 26/36 MP: 9/9
  3991 | D:4      | Found a staircase to the Ecumenical Temple.
  4201 | D:4      | Found a stormy altar of Qazlal.
  4414 | Temple   | Entered the Ecumenical Temple
  4420 | Temple   | Became a worshipper of Vehumet
  4452 | D:5      | Entered Level 5 of the Dungeon
  4783 | D:5      | Reached XP level 7. HP: 39/41 MP: 5/10
  5029 | D:5      | Reached skill level 5 in Conjurations
  5545 | D:5      | Reached skill level 1 in Fighting
  5545 | D:5      | Reached XP level 8. HP: 48/48 MP: 11/11
  5669 | D:6      | Reached skill level 2 in Fighting
  5675 | D:6      | Reached * piety under Vehumet
  5675 | D:6      | Offered knowledge of Sandblast by Vehumet.
  5705 | D:6      | Found a hide-covered altar of Uskayaw.
  5930 | D:6      | Reached skill level 3 in Fighting
  6029 | D:6      | Reached skill level 4 in Fighting
  6292 | D:7      | Noticed Menkaure
  6318 | D:6      | Reached XP level 9. HP: 56/59 MP: 12/16
  6360 | D:6      | Reached skill level 5 in Spellcasting
  6542 | D:6      | Reached skill level 5 in Fighting
  6752 | D:7      | Killed Menkaure
  7680 | D:8      | Reached ** piety under Vehumet
  7680 | D:8      | Offered knowledge of Kiss of Death by Vehumet.
  7759 | D:7      | Reached skill level 6 in Fighting
  7777 | D:7      | Learned a level 3 spell: Stone Arrow
  8273 | D:8      | Reached skill level 1 in Earth Magic
  8474 | D:8      | Reached skill level 7 in Fighting
  8527 | D:8      | Reached XP level 10. HP: 67/71 MP: 19/19
  8568 | D:8      | Reached skill level 8 in Fighting
  8650 | D:8      | Reached skill level 5 in Earth Magic
  8869 | D:8      | Found a bloodstained altar of Trog.
  8874 | D:8      | Offered knowledge of Inner Flame by Vehumet.
  9142 | D:9      | Found a sacrificial altar of Ru.
  9142 | D:9      | Noticed a kobold demonologist
  9150 | D:9      | Killed a kobold demonologist
  9282 | D:9      | Found a basalt altar of Yredelemnul.
  9287 | D:9      | Found a white marble altar of Elyvilon.
  9301 | D:9      | Found a glowing golden altar of the Shining One.
  9337 | D:9      | Noticed Erica
  9675 | D:9      | Reached *** piety under Vehumet
  9766 | D:9      | Found a transporter.
  9777 | D:9      | Found a transporter.
  9891 | D:9      | Noticed a two-headed ogre
  9919 | D:9      | Killed a two-headed ogre
  9920 | D:9      | Reached skill level 9 in Fighting
 10067 | D:9      | Found a transporter.
 10238 | D:9      | Found a transporter.
 10470 | D:9      | Killed Erica
 10519 | D:10     | Entered Level 10 of the Dungeon
 10662 | D:10     | Found a broken altar of Ashenzari.
 10752 | D:10     | Reached XP level 11. HP: 81/81 MP: 16/20
 10841 | D:10     | Reached skill level 10 in Fighting
 10909 | D:10     | Noticed a two-headed ogre
 11285 | D:10     | Found a staircase to the Lair.
 11305 | D:10     | Killed a two-headed ogre
 11454 | D:10     | Noticed Harold
 11470 | D:10     | Noticed a cyclops
 11477 | D:10     | Killed Harold
 11486 | D:10     | Killed a cyclops
 11589 | D:10     | Noticed Urug
 11605 | D:10     | Killed Urug
 11606 | D:10     | Reached skill level 5 in Dodging
 11734 | D:10     | Offered knowledge of Frozen Ramparts by Vehumet.
 11872 | D:10     | Found a shimmering altar of Xom.
 12235 | D:10     | Noticed Maurice
 12254 | D:10     | Killed Maurice
 12288 | D:11     | Noticed Grum
 12519 | D:10     | HP: 3/81 [something (12)]
 12768 | D:11     | Noticed Lodul
 13037 | D:11     | Reached XP level 12. HP: 87/87 MP: 9/21
 13419 | D:11     | Found Pemubrent's Overcharged Wands.
 13581 | D:11     | Found a staircase to the Orcish Mines.
 13583 | D:11     | Noticed Snorg
 13588 | D:11     | Learned a level 3 spell: Frozen Ramparts
 13606 | D:11     | Killed Snorg
 13607 | D:11     | Reached skill level 1 in Ice Magic
 13771 | D:11     | Killed Lodul
 14112 | D:11     | Killed Grum
 14293 | Orc:1    | Entered Level 1 of the Orcish Mines
 14295 | Orc:1    | Reached **** piety under Vehumet
 14369 | Orc:2    | Entered Level 2 of the Orcish Mines
 14369 | Orc:2    | Found a staircase to the Elven Halls.
 14399 | Orc:2    | Noticed an orc high priest
 14536 | Orc:2    | Killed an orc high priest
 14551 | Orc:1    | Offered knowledge of Ignite Poison by Vehumet.
 14704 | Orc:1    | Learned a level 3 spell: Ignite Poison
 14710 | Orc:1    | Learned a level 4 spell: Olgreb's Toxic Radiance
 15090 | Orc:2    | Reached skill level 10 in Dodging
 15270 | Orc:2    | Reached skill level 1 in Fire Magic
 15658 | Orc:2    | Paralysed by an orc sorcerer for 2 turns
 15660 | Orc:2    | Noticed a sun demon
 15725 | Orc:2    | Reached skill level 5 in Ice Magic
 15738 | Orc:2    | Reached ***** piety under Vehumet
 15958 | Orc:2    | Offered knowledge of Flame Wave by Vehumet.
 16232 | Orc:2    | Found Matyokah's Magic Scroll Shoppe.
 16232 | Orc:2    | Found Eracil's Assorted Antiques.
 16423 | Orc:2    | Found Widag's Magic Scroll Shoppe.
 16423 | Orc:2    | Found Bologh's Magic Scroll Shop.
 16635 | Orc:1    | Noticed a two-headed ogre
 16650 | Orc:1    | Noticed an ettin
 16650 | Orc:1    | Noticed an orc warlord
 16655 | Orc:1    | Killed a two-headed ogre
 16655 | Orc:1    | Killed an ettin
 16656 | Orc:1    | Reached skill level 5 in Transmutations
 16656 | Orc:1    | Reached skill level 5 in Fire Magic
 16656 | Orc:1    | Reached XP level 13. HP: 81/92 MP: 19/22
 16658 | Orc:1    | Killed an orc warlord
 17318 | Orc:2    | Bought a scroll of acquirement for 676 gold pieces
 17318 | Orc:2    | Acquired the ring "Zon Lyip" {rN+ MP+9 Str+4}
 17400 | Lair:1   | Entered Level 1 of the Lair of Beasts
 18040 | Lair:1   | Found a runed translucent gate.
 18040 | Lair:1   | Found a runed translucent gate.
 18040 | Lair:1   | Found a runed translucent gate.
 18043 | Lair:1   | Noticed Vruhak's ghost (journeyman FoGl)
 19100 | Lair:2   | Offered knowledge of Freezing Cloud by Vehumet.
 19112 | Lair:2   | Learned a level 5 spell: Freezing Cloud
 19474 | Lair:2   | Found a staircase to the Swamp.
 19588 | Lair:2   | Noticed Sonja
 19598 | Lair:2   | Killed Sonja
 19714 | Lair:2   | Reached skill level 11 in Fighting
 20310 | Lair:2   | Reached XP level 14. HP: 77/101 MP: 21/25
 21277 | Lair:3   | Reached skill level 12 in Fighting
 21354 | Lair:3   | Found a broken altar of Ashenzari.
 21434 | Lair:3   | Found a staircase to the Snake Pit.
 22662 | Lair:4   | Offered knowledge of Spellforged Servitor by Vehumet.
 23078 | Lair:5   | Entered Level 5 of the Lair of Beasts
 23849 | Lair:5   | Found a staircase to the Slime Pits.
 23861 | Lair:5   | Reached skill level 13 in Fighting
 24016 | Lair:5   | Reached skill level 10 in Spellcasting
 24659 | Lair:5   | Reached skill level 14 in Fighting
 25432 | Lair:5   | Reached XP level 15. HP: 93/113 MP: 25/29
 25526 | Lair:5   | Reached ****** piety under Vehumet
 25798 | Lair:5   | Offered knowledge of Eringya's Noxious Bog by Vehumet.
 26634 | Lair:5   | Found a corrupted altar of Lugonu.
 26634 | Lair:5   | Found a one-way gate to the infinite horrors of the Abyss.
 26654 | Lair:5   | Identified the -1 pair of gloves "Zocaps" {Contam rPois
                  | rF+}
 26873 | D:12     | Noticed Fannar
 26935 | D:12     | Killed Fannar
 27336 | D:12     | Reached skill level 15 in Fighting
 27644 | D:12     | Noticed Josephine
 27651 | D:12     | Killed Josephine
 28194 | D:13     | Noticed Nessos
 28207 | D:13     | Killed Nessos
 28429 | D:13     | Found Ipegil's Jewellery Boutique.
 28437 | D:13     | Bought the ring "Xoricy" {Will+ rCorr Int+2} for 662 gold
                  | pieces
 28755 | D:13     | Found a gate to the Vaults.
 29022 | D:13     | Noticed Kirke
 29025 | D:13     | Noticed a sphinx
 29034 | D:13     | Killed Kirke
 29426 | D:14     | Reached skill level 10 in Conjurations
 29433 | D:14     | Found a gate leading to a gauntlet.
 29443 | Gauntlet | Entered a Gauntlet
 29443 | Gauntlet | Found a transporter.
 29443 | Gauntlet | Found a transporter.
 29455 | Gauntlet | Found a transporter.
 29458 | Gauntlet | Found a transporter.
 29468 | Gauntlet | Found a transporter.
 29470 | Gauntlet | Found a transporter.
 29478 | Gauntlet | Found a transporter.
 29498 | Gauntlet | Found a transporter.
 29515 | Gauntlet | Found a transporter.
 29527 | Gauntlet | Found a transporter.
 29531 | Gauntlet | Found a transporter.
 29689 | Gauntlet | Identified the amulet of Jelemp {RegenMP rF+ Str+3 SInv}
 29706 | Gauntlet | Found a transporter.
 29830 | Gauntlet | Identified the amulet "Qaanuf" {RegenMP rElec rPois Will-
                  | Slay+5}
 29970 | Gauntlet | Identified the +1 helmet "Queriud" {-Tele rPois Dex+4}
 30385 | D:14     | Offered knowledge of Conjure Ball Lightning by Vehumet.
 30563 | D:14     | Reached XP level 16. HP: 114/122 MP: 28/30
 30720 | D:14     | Found a radiant altar of Vehumet.
 30768 | D:14     | Reached skill level 5 in Air Magic
 30835 | D:14     | Noticed Cujoq's ghost (journeyman MiFi)
 30837 | D:14     | Found a transporter.
 30837 | D:14     | Found a transporter.
 30839 | D:14     | Identified the +5 great mace of the Orcish Mines {freeze,
                  | rElec rPois rF+ Dex+3}
 31048 | D:14     | Identified the ring "Ocsioc" {SInv Stlth+}
 31363 | D:15     | Entered Level 15 of the Dungeon
 32222 | D:15     | Reached skill level 10 in Fire Magic
 32330 | D:15     | Found a staircase to the Depths.
 32414 | D:15     | Found a blossoming altar of Fedhas.
 33081 | Swamp:1  | Entered Level 1 of the Swamp
 34779 | Swamp:2  | Reached skill level 1 in Shields
 35323 | Swamp:2  | Offered knowledge of Lee's Rapid Deconstruction by Vehumet.
 35775 | Swamp:2  | Reached XP level 17. HP: 103/127 MP: 32/32
 35933 | Swamp:3  | Reached skill level 5 in Shields
 36146 | Swamp:4  | Entered Level 4 of the Swamp
 36921 | Swamp:3  | Learned a level 5 spell: Lee's Rapid Deconstruction
 37090 | Swamp:4  | Offered knowledge of Ozocubu's Refrigeration by Vehumet.
 37099 | Swamp:4  | Learned a level 7 spell: Ozocubu's Refrigeration
 38096 | Swamp:4  | Got a decaying rune of Zot
 38336 | Snake:1  | Entered Level 1 of the Snake Pit
 38690 | Snake:1  | Noticed Aizul
 38704 | Snake:1  | Killed Aizul
 39020 | Snake:1  | Reached skill level 10 in Earth Magic
 39297 | Snake:1  | Found a basalt altar of Yredelemnul.
 39503 | Snake:1  | Noticed Donald
 39516 | Snake:1  | Killed Donald
 39684 | Snake:1  | Found Ifyoturph's Antique Armour Emporium.
 40490 | Snake:2  | Reached skill level 10 in Ice Magic
 40709 | Snake:2  | Noticed Agnes
 40991 | Snake:2  | Killed Agnes
 40992 | Snake:2  | Reached XP level 18. HP: 117/134 MP: 35/35
 42813 | Snake:3  | Offered knowledge of Lehudib's Crystal Spear by Vehumet.
 42813 | Snake:3  | Offered knowledge of Chain Lightning by Vehumet.
 42813 | Snake:3  | Offered knowledge of Maxwell's Capacitive Coupling by
                  | Vehumet.
 43272 | Snake:3  | Noticed Wevudiam's ghost (adept KoEn)
 43304 | Snake:3  | Found a runed translucent gate.
 43304 | Snake:3  | Found a runed translucent gate.
 43306 | Snake:3  | Found a runed translucent gate.
 43469 | Snake:4  | Entered Level 4 of the Snake Pit
 43935 | Snake:4  | Killed from afar by a shock serpent

Illustrated notes

Levels and vault maps discovered:
D:1:      dpeg_arrival_line_fractal, layout_basic
D:2:      layout_basic, hellmonk_ecumenical_altar_defaced_shrine, uniq_terence
D:3:      layout_loops_ring, serial_shops, shop, corexii_corridor_pit
D:4:      layout_loops_ring, amcnicky_altar_gilded,
          minmay_temple_entry_stoned_glass, nicolae_elevator_lobby_asterisk
D:5:      layout_basic
D:6:      layout_rooms, nicolae_overflow_hidden_temple
D:7:      layout_cave_pools, nicolae_letterblocks [nicolae_letter_subblock,
          nicolae_letter_subblock, nicolae_letter_subblock,
          nicolae_letter_subblock, nicolae_letter_subblock,
          nicolae_letter_subblock, nicolae_letter_subblock,
          nicolae_letter_subblock, nicolae_letter_subblock,
          nicolae_letter_subblock, nicolae_letter_subblock,
          nicolae_letter_subblock, nicolae_letter_subblock,
          nicolae_letter_subblock, nicolae_letter_subblock,
          nicolae_letter_subblock, nicolae_letter_subblock,
          nicolae_letter_subblock, nicolae_letter_subblock,
          nicolae_letter_subblock, nicolae_letter_subblock,
          nicolae_letter_subblock, nicolae_letter_subblock,
          nicolae_letter_subblock, nicolae_letter_subblock], uniq_menkaure
D:8:      layout_basic, lightli_temple_of_fire, kennysheep_generic_room_12
D:9:      layout_roguey, grunt_temple_overflow_cloverleaf,
          nicolae_diode_intersection, uniq_erica
D:10:     layout_long_grid, mainiacjoe_overflow_brackets,
          cheibrodos_ashenzari_chains, hellmonk_lair_entry_icy, uniq_maurice,
          uniq_harold, uniq_urug
D:11:     layout_roguey, orc_0_dummy, serial_bayou, serial_bayou_shore_a,
          serial_bayou_pond_a, serial_bayou_ford_a, serial_bayou_pond_c,
          serial_bayou_pond_d, nicolae_shop_overcharged_wands, uniq_grum,
          uniq_snorg, uniq_lodul
D:12:     layout_irregular_city, onia_ninara_dug_in_and_dangerous,
          uniq_josephine, uniq_fannar
D:13:     layout_irregular_city, erik_vaults_1, serial_column_ruins,
          column_ruins_grid_3, column_ruins_open_tiny, column_ruins_open_tiny,
          column_ruins_columns_straight, serial_shops,
          nicolae_shop_rolling_square, uniq_kirke, uniq_nessos
D:14:     layout_irregular_city, gammafunk_ghost_smash, serial_glass,
          glass_columns_c, glass_columns_b, gauntlet_entry_generic,
          nicolae_vehumet_radiance
D:15:     grunt_enter_depths_hoard, layout_rooms,
          chequers_serial_rivers_small_b, minmay_statues_item, tgw_fedhas
Temple:   compressed_dpeg_triangle_lava_temple
Lair:1:   wad_woods_tower, layout_cellular_growth, gammafunk_ghost_split,
          special_room [special_room_bee]
Lair:2:   layout_regular_city, minmay_swamp_entry_reptiles, uniq_sonja
Lair:3:   beargit_carnivore_pack, layout_chaotic_city,
          minmay_snake_entry_six_corridors, basic_altar, enter_volcano_4,
          lemuel_fruit_fields, serial_bayou_shore_b
Lair:4:   layout_misc_corridors, infiniplex_staircase_pool_2
Lair:5:   hellmonk_lair_end_abyssal_woods, layout_layer_cave,
          nicolae_slime_entry_field_trip, gammafunk_lair_bear_cave
Swamp:1:  layout_basic_swamp, evilmike_swamp_ruin_house_5
Swamp:2:  layout_basic_swamp, hangedman_swamp_ruin_wall
Swamp:3:  layout_falls_marsh, nicolae_swamp_fairy_circle
Swamp:4:  swamp_fiery, layout_basic_swamp, swamp_pool3,
          nicolae_swamp_baby_hydras
Snake:1:  kennysheep_six_static_rooms, layout_gridlike, serial_shops,
          nicolae_shop_dealshenge, basic_altar, uniq_aizul, uniq_donald
Snake:2:  nrook_guardian_serpent_snake_passage, layout_misc_corridors,
          st_stairs_5, grunt_ministairs_4, nicolae_snake_gridmaze_spiral,
          serial_bayou_pond_c, uniq_agnes
Snake:3:  layout_rooms, gammafunk_ghost_split
Snake:4:  grunt_snake_rune_pools, layout_gridlike, minmay_shop_star
Orc:1:    layout_caves, basic_altar
Orc:2:    st_orc_town, layout_caves

Skill      XL: |  1  2  3  4  5  6  7  8  9 10 11 12 13 14 15 16 17 18 |
---------------+-------------------------------------------------------+-----
Stealth        | 3 4 |  4.0
Poison Magic   | 4 5 6 7 |  7.0
Air Magic      | 2 3 4 8 |  8.0
Conjurations   | 2 3 6 8 10 | 10.0
Fighting       | 1 4 7 9 10 11 14 15 | 15.0
Spellcasting   | 4 6 7 10 11 13 14 | 14.0
Earth Magic    | 3 7 8 10 | 10.0
Dodging        | 7 10 | 10.0
Ice Magic      | 5 9 10 11 | 11.9
Fire Magic     | 5 8 10 | 10.0
Transmutations | 5 |  5.0
Shields        | 4 6 |  6.0

Action                     |  1- 3 |  4- 6 |  7- 9 | 10-12 | 13-15 | 16-18 || total
---------------------------+-------+-------+-------+-------+-------+-------++-------
  Melee: Unarmed           |     2 |       |       |       |       |       ||     2
         Tentacles         |     6 |    10 |    55 |   100 |    42 |    17 ||   230
         Dagger            |    18 |    47 |       |       |       |       ||    65
         Constrict         |     6 |     7 |    48 |    28 |     6 |    10 ||   105
         Quarterstaff      |       |    15 |   213 |   343 |    31 |       ||   602
         Punch             |       |       |     4 |     6 |     1 |     1 ||    12
         Scimitar          |       |       |       |       |    89 |    75 ||   164
  Throw: Dart              |       |       |       |       |       |     2 ||     2
   Cast: Sting             |    62 |    60 |    43 |    14 |       |       ||   179
         Poisonous Vapours |       |    18 |    45 |    93 |    78 |    77 ||   311
         Mephitic Cloud    |       |       |     6 |    15 |     9 |     8 ||    38
         Stone Arrow       |       |       |       |    99 |   412 |   628 ||  1139
         Ignite Poison     |       |       |       |    26 |   101 |    71 ||   198
         Olgreb's Toxic Ra |       |       |       |    22 |    83 |    24 ||   129
         Frozen Ramparts   |       |       |       |     1 |       |       ||     1
         Freezing Cloud    |       |       |       |       |     2 |    16 ||    18
  Evoke: Wand              |       |       |     3 |       |       |       ||     3
    Use: Scroll            |       |     4 |     2 |     3 |    16 |     7 ||    32
         Potion            |       |       |     1 |     3 |       |     2 ||     6
   Stab: Sleeping          |     1 |     5 |     5 |     3 |       |       ||    14
         Confused          |       |       |     2 |    15 |       |       ||    17
         Distracted        |       |       |     2 |       |       |       ||     2
         Paralysed         |       |       |     3 |       |       |       ||     3
 Armour: Skin              |     5 |     4 |    27 |    29 |    23 |    23 ||   111
  Dodge: Dodged            |    28 |    72 |   284 |   472 |   469 |   422 ||  1747
  Block: Buckler           |       |       |       |       |       |   117 ||   117
         Form:             |       |       |       |       |       |     1 ||     1
         Storm             |       |       |       |       |       |     1 ||     1

Table legend: (Time is in decaauts)
 A = Elapsed time spent in this place.
 B = Non-inter-level travel time spent in this place.
 C = Inter-level travel time spent in this place.
 D = Time resting spent in this place.
 E = Time spent auto-exploring this place.
 F = Levels seen in this place.
 G = Mean time per level.
                   A        B        C        D        E       F      G
               +--------+--------+--------+--------+--------+-----+--------+
         Total |  44236 |  42397 |   1839 |  14724 |  19767 |  32 | 1382.4 |
       Dungeon |  20198 |  19267 |    931 |   5381 |  10035 |  15 | 1346.5 |
        Temple |     12 |      7 |      5 |      0 |      0 |   1 |   12.0 |
          Lair |   9511 |   9223 |    288 |   3089 |   4987 |   5 | 1902.2 |
         Swamp |   5253 |   5026 |    227 |   2608 |   1457 |   4 | 1313.2 |
     Snake Pit |   5605 |   5366 |    239 |   2320 |   2103 |   4 | 1401.2 |
  Orcish Mines |   3107 |   2960 |    147 |   1167 |   1082 |   2 | 1553.5 |
      Gauntlet |    547 |    547 |      0 |    159 |    103 |   1 |  547.0 |
               +--------+--------+--------+--------+--------+-----+--------+

Top non-repeatable levels by time:
  Lair:5: 3630 daAuts
    D:10: 2186 daAuts
 Snake:2: 2025 daAuts
  Lair:2: 1914 daAuts
    D:11: 1824 daAuts
   Orc:2: 1774 daAuts
 Snake:1: 1628 daAuts
 Snake:3: 1573 daAuts
    D:15: 1558 daAuts
  Lair:3: 1528 daAuts
 Swamp:1: 1499 daAuts
    D:14: 1436 daAuts
     D:8: 1418 daAuts
    D:13: 1390 daAuts
 Swamp:4: 1386 daAuts
